 Dungeon Crawl Stone Soup version 0.31-a0-542-gdc2a67831c (webtiles) character file.

Game seed: 6028700005744044876

959 arthad the Covered (level 8, -5/64 HPs)
             Began as a Formicid Fighter on Aug 14, 2023.
             Slain by a gnoll sergeant
             ... wielding a +0 spear
              (10 damage)
             ... on level 5 of the Dungeon.
             The game lasted 00:06:26 (3692 turns).

arthad the Covered (Formicid Fighter)               Turns: 3692, Time: 00:06:27

Health: -5/64      AC:  7    Str: 23    XL:     8   Next: 37%
Magic:  0/8        EV: 11    Int:  8    God:
Gold:   267        SH:  6    Dex: 19    Spells: 7/7 levels left

rFire   . . .        a - +0 war axe
rCold   . . .        c - +0 buckler
rNeg    . . .        b - +0 scale mail
rPois   .            (helmet unavailable)
rElec   .            (no cloak)
rCorr   .            (no gloves)
SInv    +            (no boots)
Will    .....        f - amulet of guardian spirit Stlth
                     p - +6 ring of dexterity
HPRegen 0.30/turn    (no ring)
MPRegen 0.11/turn

%: guardian spirit
@: mighty
A: permanent stasis, dig shafts and tunnels, antennae 3, four strong arms
a: Dig, Shaft Self


You were on level 5 of the Dungeon.
You visited 1 branch of the dungeon, and saw 5 of its levels.

You collected 267 gold pieces.

Inventory:

Hand Weapons
 a - a +0 war axe (weapon)
 g - a +2 short sword of holy wrath
Missiles
 v - 5 poisoned darts
Armour
 b - a +0 scale mail (worn)
 c - a +0 buckler (worn)
Jewellery
 f - an amulet of guardian spirit (around neck)
 p - a +6 ring of dexterity (left hand)
Wands
 t - a wand of flame (12)
Scrolls
 e - 2 scrolls of fear {unknown}
 h - 7 scrolls of identify {unknown}
 i - 2 scrolls of blinking {unknown}
 j - 3 scrolls of noise {unknown}
 s - 2 scrolls of enchant weapon {unknown}
 u - a scroll of amnesia {unknown}
 x - a scroll of vulnerability {unknown}
Potions
 k - a potion of magic {unknown}
 l - a potion of haste {unknown}
 m - 2 potions of attraction {unknown}
 n - 2 potions of curing {unknown}
 o - a potion of degeneration {unknown}
 q - a potion of brilliance {unknown}
 r - a potion of berserk rage {unknown}
 w - a potion of enlightenment {unknown}


   Skills:
 * Level 6.0 Fighting
 * Level 4.9 Axes
 * Level 6.0 Armour
 + Level 2.6 Dodging
 + Level 5.6 Shields


You had 7 spell levels left.
You didn't know any spells.
Your spell library contained the following spells:

 Spells                   Type           Power      Damage    Failure   Level
 Slow                     Hex            0%         N/A       77%         1
 Sting                    Tmut/Pois      0%         1d3       77%         1
 Poisonous Vapours        Pois/Air       0%         N/A       88%         2
 Sublimation of Blood     Necr           0%         N/A       88%         2
 Confusing Touch          Hex            0%         N/A       98%         3
 Dazzling Flash           Conj/Hex       0%         N/A       98%         3
 Stone Arrow              Conj/Erth      0%         3d7       98%         3
 Vampiric Draining        Necr           0%         2d6       98%         3
 Animate Armour           Summ/Erth      0%         N/A       100%        4
 Olgreb's Toxic Radiance  Pois           0%         N/A       100%        4
 Petrify                  Tmut/Erth      0%         N/A       100%        4
 Agony                    Necr           0%         N/A       100%        5
 Irradiate                Conj/Tmut      0%         3d11      100%        5
 Silence                  Hex/Air        0%         N/A       100%        5
 Lehudib's Crystal Spear  Conj/Erth      0%         10d2      100%        8


Dungeon Overview and Level Annotations

Branches:
Dungeon (5/15)
 Temple: D:4-7

Altars:
Vehumet

Shops:
D:1 =


Innate Abilities, Weirdness & Mutations

You cannot be hasted, slowed, berserked, paralysed or teleported.
You can dig through walls and to a lower floor.
You have a pair of large antennae on your head. (SInv)
Your four strong arms can wield two-handed weapons with a shield.


Message History

The gnoll sergeant hits you but does no damage.
You block the gnoll's attack.
You slash the gnoll!
You kill the gnoll!
The gnoll sergeant hits you from afar with a +0 spear!
Okay, then.
Unknown command.
Unknown command.
You slash the ogre!
The ogre is moderately wounded.
The gnoll sergeant hits you from afar with a +0 spear.
The ogre barely misses you.
You slash the ogre!
The ogre is severely wounded.
The gnoll sergeant hits you but does no damage.
The ogre hits you with a +0 giant club! The gnoll sergeant barely misses you.
You hit the ogre.
The ogre is severely wounded.
The gnoll sergeant closely misses you.
The ogre hits you with a +0 giant club!!
* * * LOW HITPOINT WARNING * * *
You hit the ogre.
The ogre is almost dead.
The gnoll sergeant hits you from afar with a +0 spear!
* * * LOW HITPOINT WARNING * * *
The ogre closely misses you.
You hit the ogre but do no damage.
The ogre is almost dead.
The gnoll sergeant hits you but does no damage.
You slash the ogre!
You kill the ogre!
The gnoll sergeant misses you. The gnoll sergeant closely misses you.
You block the gnoll's attack.
Your Fighting skill increases to level 6!
Your Armour skill increases to level 6!
You feel very mighty all of a sudden. The gnoll hits you with a +0 flail.
* * * LOW HITPOINT WARNING * * *
The gnoll sergeant hits you from afar with a +0 spear!
You die...

.##.....#......>
..#.....##..<...
....##...........
.<.###..........
...##...........
....##........##
...###.........##
.##.............##
................@##
..####........###g#
.##...........##{g#
....###....#...#..#
.....##.#..#......##
.........#....>....##
.....#...#...##.....#
..............#.....#
......##.......O....#


You could see a gnoll sergeant and a gnoll.

Vanquished Creatures
  Eustachio (D:4)
  Duvessa (D:4)
  3 ogres
  2 scorpions (D:4)
  Dowan (D:4)
  A jelly (D:4)
  A sleepcap (D:5)
  Natasha (twice) (D:2)
  An orc wizard (D:4)
  5 adders
  2 gnolls (D:5)
  A shadow imp (D:5)
  An ufetubus (D:5)
  A worm (D:2)
  2 dart slugs
  10 orcs
  2 endoplasms
  2 giant cockroaches
  4 goblins
  2 hobgoblins
  2 jackals (D:4)
  8 kobolds
  3 quokkas
  4 ball pythons
  6 bats
  4 frilled lizards
  7 rats
79 creatures vanquished.

Notes
Turn   | Place    | Note
-------+----------+-------------------------------------------
     0 | D:1      | arthad the Formicid Fighter began the quest for the Orb.
     0 | D:1      | Reached XP level 1. HP: 18/18 MP: 1/1
    17 | D:1      | Found Giria's Jewellery Shop.
   140 | D:1      | Reached XP level 2. HP: 24/24 MP: 2/2
   347 | D:1      | Found a faded altar of an unknown god.
   463 | D:1      | Reached XP level 3. HP: 30/30 MP: 3/3
   634 | D:2      | Noticed Natasha
   643 | D:2      | Killed Natasha
   644 | D:2      | Reached XP level 4. HP: 27/37 MP: 2/4
   957 | D:2      | Noticed Natasha
   964 | D:2      | Killed Natasha
  1343 | D:3      | Reached skill level 1 in Dodging
  1343 | D:3      | Reached XP level 5. HP: 30/42 MP: 5/5
  2120 | D:4      | Noticed Dowan
  2125 | D:4      | Noticed Duvessa
  2134 | D:4      | Killed Duvessa
  2135 | D:4      | Reached XP level 6. HP: 26/49 MP: 1/6
  2136 | D:4      | Killed Dowan
  2282 | D:4      | Found a radiant altar of Vehumet.
  2408 | D:4      | Noticed Eustachio
  2420 | D:4      | Reached skill level 5 in Armour
  2420 | D:4      | Reached XP level 7. HP: 45/55 MP: 5/7
  2430 | D:4      | Killed Eustachio
  2431 | D:4      | Reached skill level 5 in Fighting
  2431 | D:4      | Reached skill level 5 in Shields
  2721 | D:4      | Reached XP level 8. HP: 16/63 MP: 1/8
  3557 | D:5      | Entered Level 5 of the Dungeon
  3692 | D:5      | Slain by a gnoll sergeant

Illustrated notes

Levels and vault maps discovered:
D:1:      psy_arrival_statuary, layout_basic, serial_shops, nicolae_shop_stone,
          ebering_ecumenical_altar_rust, minivault_4
D:2:      layout_basic, uniq_natasha
D:3:      layout_loops_cross
D:4:      minmay_wonky_spiral, layout_loops_ring, fiery_altar_vehumet,
          chequers_serial_rivers_micro_b, small_statue_alley_b, uniq_eustachio,
          uniq_duvessa
D:5:      layout_cave_pools

Skill      XL: |  1  2  3  4  5  6  7  8 |
---------------+-------------------------+-----
Fighting       | 4 5 6 |  6.0
Armour         | 4 5 6 |  6.0
Dodging        | 1 2 |  2.6
Axes           | 3 4 |  4.9
Shields        | 5 |  5.6

Action                     |  1- 3 |  4- 6 |  7- 9 || total
---------------------------+-------+-------+-------++-------
  Melee: War axe           |    69 |   105 |    77 ||   251
  Evoke: Wand              |       |       |     1 ||     1
    Use: Potion            |       |     2 |     1 ||     3
   Stab: Distracted        |       |     1 |       ||     1
 Armour: Scale mail        |    32 |    48 |    25 ||   105
  Dodge: Dodged            |    29 |    44 |    52 ||   125
  Block: Buckler           |    19 |    26 |    29 ||    74

Table legend: (Time is in decaauts)
 A = Elapsed time spent in this place.
 B = Non-inter-level travel time spent in this place.
 C = Inter-level travel time spent in this place.
 D = Time resting spent in this place.
 E = Time spent auto-exploring this place.
 F = Levels seen in this place.
 G = Mean time per level.
                   A        B        C        D        E       F      G
               +--------+--------+--------+--------+--------+-----+--------+
         Total |   3784 |   3715 |     69 |    152 |   2888 |   5 |  756.8 |
       Dungeon |   3784 |   3715 |     69 |    152 |   2888 |   5 |  756.8 |
               +--------+--------+--------+--------+--------+-----+--------+

Top non-repeatable levels by time:
     D:4: 1545 daAuts
     D:2: 827 daAuts
     D:3: 747 daAuts
     D:1: 520 daAuts
     D:5: 142 daAuts
